 Dungeon Crawl Stone Soup version 0.26-a0-20-g5f92b90fa0 (webtiles) character file.

Game seed: 5388950369602607095, levelgen mode: deterministic

58 HoaS the Shooter (level 3, -2/30 HPs)
             Began as a Centaur Hunter on May 25, 2020.
             Killed by nerve-wracking pain
             ... invoked by Jessica
              (13 damage)
             ... on level 2 of the Dungeon.
             The game lasted 00:05:58 (1430 turns).

HoaS the Shooter (Centaur Hunter)                   Turns: 1430, Time: 00:05:58

Health: -2/30      AC:  8    Str: 15    XL:     3   Next: 76%
Magic:  3/3        EV:  4    Int: 10    God:
Gold:   40         SH:  0    Dex:  9    Spells: 2/2 levels left

rFire    . . .     SeeInvis .   w - +1 shortbow
rCold    . . .     Gourm    .   (shield currently unavailable)
rNeg     . . .     Faith    .   q - +0 chain mail
rPois    .         Spirit   .   (no helmet)
rElec    .         Reflect  .   (no cloak)
rCorr    .         Harm     .   a - +0 pair of gloves
MR       .....                  (no barding)
Stlth    ..........             (no amulet)
HPRegen  0.10/turn              (no ring)
MPRegen  0.08/turn              (no ring)

@: very quick
A: large, hooves 3, deformed body, speed 2, tough skin 3
a: no special abilities


You were on level 2 of the Dungeon.
You were not hungry.

You visited 1 branch of the dungeon, and saw 2 of its levels.

You collected 40 gold pieces.

Inventory:

Hand Weapons
 b - a +0 short sword
 w - a +1 shortbow (weapon)
Missiles
 d - 35 arrows (quivered)
Armour
 a - a +0 pair of gloves (worn)
 q - a +0 chain mail (worn)
Jewellery
 n - an uncursed amulet of guardian spirit {unknown}
Scrolls
 e - 3 scrolls of remove curse {unknown}
 h - a scroll of identify {unknown}
 j - a scroll of amnesia {unknown}
 l - a scroll of immolation {unknown}
Potions
 g - a potion of magic {unknown}
 i - a potion of heal wounds {unknown}
 k - a potion of brilliance {unknown}
 m - 2 potions of curing {unknown}
 o - a potion of stabbing {unknown}
Comestibles
 f - 7 rations
 p - 3 chunks of flesh


   Skills:
 * Level 2.8 Fighting
 * Level 5.9 Bows
 + Level 0.5 Armour
 - Level 1.3 Dodging
 - Level 0.4 Stealth
 * Level 1.5 Unarmed Combat


You had 2 spell levels left.
You didn't know any spells.
Your spell library was empty.

Dungeon Overview and Level Annotations

Branches:
Dungeon (2/15)

Altars:

Annotations:
D:2 Jessica


Innate Abilities, Weirdness & Mutations

You have hooves in place of feet.
Armour fits poorly on your strangely shaped body.
You cover ground very quickly.
You have extremely tough skin. (AC +3)


Message History

You hit Jessica.
Jessica is severely wounded.
Jessica hits you but does no damage.
You hit Jessica.
Jessica is almost dead.
Jessica hits you but does no damage.
Jessica gestures wildly while chanting.
Jessica blinks!
Jessica casts a spell at you. Pain shoots through your body!
w - a +1 shortbow (weapon)
You are too injured to fight recklessly!
Firing (i - inventory)
d - 36 arrows (quivered)
Press: ? - help, Shift-Dir - straight line, f - Jessica
Aim: Jessica, wielding a +0 dagger and wearing a +0 robe (almost dead, fast)
You shoot an arrow. The arrow barely misses Jessica.
Jessica grins evilly.
Jessica casts a spell at you. Pain shoots through your body!
You die...

######## #.<....#
#......#
#...@..##############
#......'..........g.@
#....@†##############
#...........[<..#
#####+###)###.#.#####
.......#......
#############.. #..
#..


You could see Jessica (fast).

Vanquished Creatures
  Terence (D:2)
  3 dart slugs (D:1)
  3 goblins
  2 hobgoblins
  6 jackals (D:1)
  A ball python (D:1)
  2 bats (D:1)
  2 frilled lizards (D:1)
  4 kobolds (D:1)
  3 rats (D:1)
27 creatures vanquished.

Notes
Turn   | Place    | Note
-------+----------+-------------------------------------------
     0 | D:1      | HoaS the Centaur Hunter began the quest for the Orb.
     0 | D:1      | Reached XP level 1. HP: 17/17 MP: 1/1
   367 | D:1      | Reached XP level 2. HP: 24/24 MP: 2/2
   621 | D:1      | Reached skill level 1 in Unarmed Combat
   968 | D:1      | Reached XP level 3. HP: 29/30 MP: 3/3
  1272 | D:2      | Noticed Terence
  1284 | D:2      | Killed Terence
  1382 | D:2      | Noticed Jessica
  1430 | D:2      | Killed from afar by Jessica

Illustrated notes

Levels and vault maps discovered:
D:1:      scummos_arrival_forest, layout_basic, minmay_heptomino_d4
D:2:      layout_basic, hex_intersection, uniq_terence, uniq_jessica

Skill      XL: |  1  2 |
---------------+-------+-----
Unarmed Combat | 1 |  1.5
Fighting       | |  2.8
Bows           | |  5.9
Armour         | |  0.5
Dodging        | |  1.3
Stealth        | |  0.4

Action                   || total
-------------------------++-------
Melee: Unarmed           ||   106
       Kick              ||    29
 Fire: Shortbow          ||     6
  Eat: Chunk             ||     1
Armor: Leather armour    ||    40
       Chain mail        ||     4
Dodge: Dodged            ||    39

Table legend:
 A = Non-vault XP
 B = Vault XP
 C = Vault XP percentage of total XP
 D = Non-vault monster count
 E = Vault monster count
 F = Vault count percentage of total count
                 A         B        C        D         E       F
            +---------+---------+-------+---------+---------+-------
      Total |      44 |      40 |  47.6 |      23 |       4 |  14.8
            +---------+---------+-------+---------+---------+-------
        D:1 |      40 |       4 |   9.1 |      21 |       3 |  12.5
        D:2 |       4 |      36 |  90.0 |       2 |       1 |  33.3
            +---------+---------+-------+---------+---------+-------
